 Dungeon Crawl Stone Soup version 0.19-a0-1821-g42c593c (webtiles) character file.

154 Leszczynek the Cudgeler (level 5, -6/50 HPs)
             Began as an Ogre Wanderer on Oct 6, 2016.
             Was an Initiate of Ru.
             Mangled by an orc warrior
             ... wielding a +0 mace
              (13 damage)
             ... on level 5 of the Dungeon.
             The game lasted 00:14:31 (3198 turns).

Leszczynek the Cudgeler (Ogre Wanderer)             Turns: 3198, Time: 00:14:34

Health: -6/50      AC:  3    Str: 24    XL:     5   Next: 36%
Magic:  8/8        EV:  7    Int:  9    God:    Ru [......]
Gold:   93         SH:  8    Dex: 10    Spells: 2 memorised, 4 levels left

rFire  . . .     SeeInvis +     a - +1 mace
rCold  . . .     Gourm    .     c - +0 robe
rNeg   . . .     Faith    .     b - +0 shield
rPois  .         Spirit   .     (helmet restricted)
rElec  .         Dismiss  .     (no cloak)
rCorr  .         Reflect  .     (gloves unavailable)
MR     .....     Harm     .     (boots unavailable)
Stlth  +.........               (no amulet)
                                (no ring)
                                l - ring of see invisible

@: mighty
A: unfitting armour, tough skin 1
a: Renounce Religion


You were on level 5 of the Dungeon.
You worshipped Ru.
Ru was noncommittal.
You were hungry.

You visited 1 branch of the dungeon, and saw 5 of its levels.

You collected 93 gold pieces.

Inventory:

Hand Weapons
 a - a +1 mace (weapon)
Missiles
 e - 78 stones (quivered)
Armour
 b - a +0 shield (worn)
 c - a +0 robe (worn)
Jewellery
 l - a ring of see invisible (left hand)
Scrolls
 g - a scroll of immolation
 m - 2 scrolls of identify
Potions
 h - a potion of degeneration {unknown}
 j - a potion of mutation
 k - a potion of might
 t - a potion of berserk rage {unknown}
 u - a potion of curing {unknown}
Comestibles
 d - 3 bread rations
 f - a chunk of flesh
 n - 2 meat rations
 r - a slice of pizza


   Skills:
 - Level 2.6 Fighting
 * Level 5.1(5.3) Maces & Flails
   Level 1.0(2.4) Staves
 - Level 1.0 Throwing
 + Level 2.6 Shields
 - Level 2.4 Spellcasting
   Level 2.1 Poison Magic


You had 4 spell levels left.
You knew the following spells:

 Your Spells              Type           Power        Failure   Level  Hunger
a - Blink                 Tloc           N/A          99%         2    ###....
w - Repel Missiles        Chrm/Air       #.....       99%         2    ###....


Dungeon Overview and Level Annotations

Branches:
Dungeon (5/15)
 Temple: D:4-7

Altars:
Ru

Annotations:
D:3 Grinder
D:4 exclusion: ogre


Innate Abilities, Weirdness & Mutations

You are too large for most types of armour.
You have tough skin. (AC +1)


Message History

The orc is almost dead.
You block the orc's attack. The orc warrior barely misses you.
The orc closely misses you. You block the orc's attack.
Unknown command.
Okay, then.
Okay, then.
It was a potion of mutation.
You feel extremely strange.
You feel resistant to poisons.
You feel your magical essence link to your wands.
You feel agile.
You are feeling hungry.
You block the orc's attack. You block the orc warrior's attack.
You block the orc's attack. The orc barely misses you.
It was a potion of cure mutation.
It has a very clean taste.
You feel clumsy.
Your magical essence is no longer linked to your wands.
You feel less resistant to poisons. The orc hits you but does no damage.
You block the orc's attack. The orc warrior hits you with a mace!
You die...

...# ...
... ### #..
..# #.# #.#
#
#.####.##.#
#.#..oooo.#
#<#o##@#
#.#.##o#
#....(.#
###.####
...# #####


You could see an orc warrior and 4 orcs.

Vanquished Creatures
  A howler monkey (D:4)
  Ijyb (D:2)
  3 adders
  A dart slug (D:1)
  2 leopard geckos
  4 orcs
  3 giant cockroaches
  6 goblins
  3 hobgoblins
  9 jackals
  4 kobolds
  2 quokkas
  6 bats
  A frilled lizard (D:4)
  8 rats
54 creatures vanquished.

Notes
Turn   | Place    | Note
-------+----------+-------------------------------------------
     0 | D:1      | Leszczynek the Ogre Wanderer began the quest for the Orb.
     0 | D:1      | Leszczynek set off with: a book of Minor Magic, a +0 shield, a +0 robe, a bread ration, a +0 club
     0 | D:1      | Reached XP level 1. HP: 22/22 MP: 3/3
    83 | D:1      | Reached skill level 1 in Maces & Flails
   199 | D:1      | Reached XP level 2. HP: 28/29 MP: 5/5
   243 | D:1      | Reached skill level 2 in Maces & Flails
   989 | D:2      | Reached XP level 3. HP: 32/36 MP: 6/6
  1189 | D:2      | Reached skill level 3 in Maces & Flails
  1193 | D:2      | Learned a level 2 spell: Blink
  1196 | D:2      | Learned a level 2 spell: Repel Missiles
  1313 | D:2      | Reached skill level 2 in Shields
  1330 | D:2      | Noticed Ijyb
  1939 | D:2      | Reached XP level 4. HP: 21/44 MP: 7/7
  2274 | D:2      | Killed Ijyb
  2274 | D:2      | Reached skill level 4 in Maces & Flails
  2512 | D:3      | Noticed Grinder
  2591 | D:3      | grinder in open space
  2597 | D:4      | Noticed an ogre
  2662 | D:4      | Found a sacrificial altar of Ru.
  2670 | D:4      | Became a worshipper of Ru the Awakened
  2781 | D:4      | Reached XP level 5. HP: 47/50 MP: 8/8
  2817 | D:4      | Reached skill level 5 in Maces & Flails
  3172 | D:4      | Noticed an ogre
  3176 | D:5      | Entered Level 5 of the Dungeon
  3181 | D:5      | Noticed an orc warrior
  3197 | D:5      | Gained mutation: Your system is resistant to poisons. (rPois) [potion of mutation]
  3197 | D:5      | Gained mutation: You expend magic power (3 MP) to strengthen your wands. [potion of mutation]
  3197 | D:5      | Gained mutation: You are agile. (Dex +2) [potion of mutation]
  3198 | D:5      | Lost mutation: You are agile. (Dex +2) [potion of cure mutation]
  3198 | D:5      | Lost mutation: You expend magic power (3 MP) to strengthen your wands. [potion of cure mutation]
  3198 | D:5      | Lost mutation: Your system is resistant to poisons. (rPois) [potion of cure mutation]
  3198 | D:5      | Mangled by an orc warrior

Vault maps used:
D:1:      onia_arrival_mini_spirals
D:2:      wad_pebble_path, first_bread, uniq_iyjb
D:3:      demons_altar, minmay_crystal_water, uniq_grinder
D:4:      nicolae_overflow_crystal_walls, kennysheep_mini
D:5:      small_statue_intersection

Skill      XL: |  1  2  3  4  5 |
---------------+----------------+-----
Maces & Flails | 1 2 3 4 5 |  5.1
Shields        | 2 |  2.6
Fighting       | |  2.6
Staves         | |  1.0
Throwing       | |  1.0
Spellcasting   | |  2.4
Poison Magic   | |  2.1

Action                   |  1- 3 |  4- 6 || total
-------------------------+-------+-------++-------
Melee: Club              |    16 |       ||    16
       Mace              |   127 |    58 ||   185
Throw: Stone             |    12 |     9 ||    21
  Use: Potion            |       |     6 ||     6
       Scroll            |       |     4 ||     4
 Stab: Sleeping          |     1 |       ||     1
  Eat: Chunk             |     3 |     4 ||     7
Armor: Robe              |    46 |    13 ||    59
Dodge: Dodged            |    55 |    38 ||    93
Block: Shield            |    56 |    39 ||    95
